 Dungeon Crawl Stone Soup version 0.24-a0-779-g36f0aeb843 (webtiles) character file.

Game seed: 4915928861250534586, levelgen mode: deterministic

47518 Amen the Warrior (level 14, 0/98 HPs)
             Began as a Gargoyle Fighter on Oct 8, 2019.
             Was a High Priest of Makhleb.
             Slain by Agnes
             ... wielding a +2 vampiric lajatang
              (16 damage)
             ... on level 15 of the Dungeon.
             The game lasted 01:00:38 (21485 turns).

Amen the Warrior (Gargoyle Fighter)                Turns: 21485, Time: 01:00:38

Health: 0/98       AC: 24    Str: 31    XL:     14   Next: 42%
Magic:  29/29      EV: 13    Int: 11    God:    Makhleb [*****.]
Gold:   1468       SH: 13    Dex: 13    Spells: 13/13 levels left

rFire    . . .     SeeInvis +   Q - +1 whip (elec)
rCold    . . .     Gourm    .   c - +0 shield
rNeg     + . .     Faith    .   a - +0 acid dragon scales
rPois    ∞         Spirit   .   n - +1 helmet
rElec    +         Reflect  +   (no cloak)
rCorr    +         Harm     .   x - +1 pair of gloves
MR       +....                  (no boots)
Stlth    +.........             K - +3 amulet of reflection
HPRegen  0.26/turn              D - ring of Dopheficy {MP+9 Int+3 SInv}
MPRegen  0.21/turn              b - +4 ring of dexterity

@: mighty, very slightly contaminated
A: big wings, negative energy resistance 1, electricity resistance, unbreathing,
petrification resistance, rot immunity, AC +10
a: Fly, Minor Destruction, Lesser Servant of Makhleb, Major Destruction, Greater
Servant of Makhleb, Renounce Religion


You were on level 15 of the Dungeon.
You worshipped Makhleb.
Makhleb was extremely pleased with you.
You were not hungry.

You visited 3 branches of the dungeon, and saw 21 of its levels.
You also visited: Bailey.

You collected 1468 gold pieces.

Inventory:

Hand Weapons
 u - a +0 morningstar
 Q - a +1 whip of electrocution (weapon)
 U - the +3 long sword "Cehiul" {drain, +Blink}
   (You took it off an orc on level 11 of the Dungeon)

   A truly terrible weapon, it drains the life of those it strikes.
   It lets you blink.
 V - the +8 hand axe of Misery {chop, +Inv rF+}
   (You took it off a tengu reaver on level 11 of the Dungeon)

   It inflicts extra damage upon your enemies.
   It protects you from fire.
   It lets you turn invisible.
Armour
 a - +0 acid dragon scales (worn)
 c - a +0 shield (worn)
 n - a +1 helmet (worn)
 x - a +1 pair of gloves (worn)
Jewellery
 b - a +4 ring of dexterity (right hand)
 g - an uncursed ring of fire
 A - an uncursed amulet of the acrobat
 D - the ring of Dopheficy (left hand) {MP+9 Int+3 SInv}
   (You found it on level 8 of the Dungeon)

   [ring of magical power]

   It affects your intelligence (+3).
   It affects your magic capacity (+9).
   It lets you see invisible.
 E - a +2 ring of strength
 K - a +3 amulet of reflection (around neck)
 S - an uncursed ring of protection from cold
 T - an uncursed ring of resist corrosion
Wands
 k - a wand of paralysis (5)
 o - a wand of flame (35)
 p - a wand of iceblast (19)
 t - a wand of disintegration (18)
 y - a wand of polymorph (6)
 I - a wand of digging (8)
Scrolls
 d - a scroll of amnesia
 e - 8 scrolls of identify
 i - 10 scrolls of remove curse
 l - 4 scrolls of immolation
 r - 4 scrolls of teleportation
 w - 3 scrolls of summoning
 B - 4 scrolls of magic mapping
 C - a scroll of fear {unknown}
 L - 3 scrolls of enchant weapon
 N - a scroll of fog
 O - a scroll of torment {unknown}
 R - a scroll of vulnerability {unknown}
 Z - 2 scrolls of enchant armour
Potions
 h - 2 potions of invisibility
 j - 6 potions of flight
 q - 2 potions of magic
 s - 2 potions of ambrosia
 v - 3 potions of curing
 z - 4 potions of mutation
 F - 2 potions of agility
 G - 2 potions of lignification
 H - a potion of brilliance
 J - a potion of cancellation
 P - 3 potions of haste
 Y - a potion of heal wounds
Comestibles
 f - 33 rations
 M - a chunk of flesh


   Skills:
 + Level 15.4 Fighting
 - Level 14.0 Maces & Flails
 - Level 10.1 Armour
 + Level 7.0 Dodging
 - Level 3.2 Shields
 + Level 8.8 Invocations


You had 13 spell levels left.
You didn't know any spells.
Your spell library contained the following spells:

 Spells                   Type           Power        Failure   Level  Hunger
 Animate Skeleton         Necr           N/A          88%         1    ##.....
 Magic Dart               Conj           #...         88%         1    ##.....
 Pain                     Necr           #...         88%         1    ##.....
 Shock                    Conj/Air       #...         88%         1    ##.....
 Blink                    Tloc           N/A          95%         2    ###....
 Call Imp                 Summ           #.......     95%         2    ###....
 Shroud of Golubria       Chrm/Tloc      #.....       95%         2    ###....
 Slow                     Hex            #.......     95%         2    ###....
 Swiftness                Chrm/Air       #.......     95%         2    ###....
 Conjure Flame            Conj/Fire      #.......     99%         3    ####...
 Gell's Gravitas          Tloc           #.........   99%         3    ####...
 Ignite Poison            Fire/Tmut/Pois #.......     99%         3    ####...
 Lesser Beckoning         Tloc           #.........   99%         3    ####...
 Mephitic Cloud           Conj/Pois/Air  #.......     99%         3    ####...
 Regeneration             Chrm/Necr      #.........   99%         3    ####...
 Static Discharge         Conj/Air       #.......     99%         3    ####...
 Teleport Other           Tloc           #.......     99%         3    ####...
 Vampiric Draining        Necr           #.........   99%         3    ####...
 Airstrike                Air            #.........   100%        4    #####..
 Animate Dead             Necr           N/A          100%        4    #####..
 Passage of Golubria      Tloc           N/A          100%        4    #####..
 Fireball                 Conj/Fire      #.........   100%        5    ######.
 Lightning Bolt           Conj/Air       #.........   100%        5    ######.
 Bolt of Fire             Conj/Fire      #.........   100%        6    #######
 Ring of Flames           Chrm/Fire      #.........   100%        7    #######
 Ignition                 Fire           #.........   100%        8    #######


Dungeon Overview and Level Annotations

Branches:
Dungeon (15/15)            Temple (0/1) D:7            Lair (5/6) D:8
  Snake (0/4) Lair:4          Orc (1/2) D:10         Depths (0/5) D:15
 Bailey (visited)
  Swamp: Lair:2-4    Shoals: Lair:2-4     Slime: Lair:5-6    Vaults: D:13-14

Altars:
Dithmenos
Elyvilon
Kikubaaqudgha
Makhleb
Nemelex Xobeh
Okawaru
Qazlal
Ru
Trog
Yredelemnul
The Shining One

Shops:
D:12 (

Annotations:
D:2 Sigmund
D:10 exclusion: oklob sapling
D:15 Agnes
Lair:1 1 runed translucent door, Syngutakh's ghost, journeyman OpFE
Lair:3 exclusion: oklob plant
Lair:4 Rupert
Orc:1 1 transporter, Gastronok


Innate Abilities, Weirdness & Mutations

You are resistant to torment.
Your stone body is resilient. (AC +10)
You are immune to poison.
Your large and strong wings let you fly indefinitely.
You resist negative energy. (rN+)
You are resistant to electric shocks. (rElec)
You can survive without breathing.
You are immune to petrification.
You are immune to rotting.


Message History

Agnes hits you with a +2 vampiric lajatang!!
* * * LOW HITPOINT WARNING * * *
Okay, then.
You feel much better. You block Agnes's attack. Agnes misses you.
A demon appears!
It doesn't seem very happy.
Agnes hits you with a +2 vampiric lajatang.
* * * LOW HITPOINT WARNING * * *
You block Agnes's attack. The green death gestures at you.
The bolt of poison hits you but does no damage.
You resist.
Blink to where?
Press: ? - help, Dir - move target cursor You are very lightly contaminated with residual magic.
As you read the scroll of blinking, it crumbles to dust.
As you read the scroll of fog, it crumbles to dust.
The scroll dissolves into smoke.
Agnes hits you with a +2 vampiric lajatang!
You die...

*,* **,** *,,,*
######### *,,,***
#.2i.§§§# *,,,,,,
#<#####§# **##,,**** #.#
#§# *,,.,,* #.#
#i#******,*#O**
#.#***#@#*,,,,,,,,.##*
#..,,§§#§§,,,,,,,,,..*
#.#**##,##,*,**,*###.*
#.$,,*****,*,**,*#...###
#.#*,* *,*,**,*#...<..
*,**,* *,,,,*,*#.(####
*,**,*****,,,,,,*#.,*
*,**,*,,,,,,,,,,..,,*
*,**,*,***,,,,,.#*,**


You could see Agnes.

Vanquished Creatures
  A tengu reaver (D:11)
  3 hydras
  A catoblepas (D:10)
  4 death yaks (Lair:3)
  A queen ant (Lair:2)
  A tengu warrior (D:11)
  5 two-headed ogres
  2 ogre magi
  Nergalle (D:10)
  2 unseen horrors (D:12)
  A deep elf mage (D:11)
  4 ugly things
  5 cyclopes (D:11)
  2 manticores (D:11)
  Maurice (D:10)
  Joseph (Lair:1)
  A black mamba (Lair:2)
  2 gargoyles (D:11)
  11 spiny frogs
  A kobold demonologist (D:13)
  The ghost of MisterFreud the Changer, a novice OpTm (D:4)
  4 komodo dragons
  Grinder (D:6)
  A polar bear (Lair:3)
  5 trolls
  3 hornets
  11 blink frogs
  3 slime creatures (D:12)
  8 hippogriffs
  A shadow (D:13)
  2 wraiths
  2 wyverns (D:8)
  19 yaks
  3 humans
  A hungry ghost (D:12)
  A vampire mosquito (D:11)
  A steam dragon (D:13)
  4 hogs (D:7)
  A fire bat (D:8)
  Menkaure (D:5)
  2 nagas (Lair:4)
  9 soldier ants
  5 water moccasins
  3 acid dragons
  2 porcupines
  2 phantoms
  A black bear (shapeshifter) (D:13)
  9 orc warriors
  A black bear (D:12)
  A hornet zombie (D:12)
  5 ice beasts
  2 sky beasts
  A necrophage (D:7)
  4 ogres
  3 centaurs
  5 crocodiles
  6 big kobolds
  14 bullfrogs
  A wyvern zombie (D:10)
  3 scorpions
  9 killer bees
  5 howler monkeys
  2 electric eels
  7 crimson imps
  2 centaur zombies (D:11)
  3 bullfrog zombies
  5 jellies
  A bullfrog skeleton (D:11)
  3 centaur skeletons
  A gnoll shaman (D:9)
  4 orc priests
  6 hounds
  8 orc wizards
  Terence (D:2)
  3 iguanas
  20 worker ants
  2 hound zombies
  2 hound skeletons (D:5)
  A howler monkey zombie (D:6)
  4 gnolls (D:9)
  19 adders
  5 shadow imps
  An ooze (D:2)
  An adder zombie (D:5)
  2 worms
  3 dart slugs
  6 leopard geckos
  37 orcs
  6 bats
  4 giant cockroaches
  10 goblins
  11 hobgoblins
  10 jackals
  21 kobolds
  7 quokkas
  6 ball pythons
  3 frilled lizards
  A giant cockroach zombie (D:5)
  2 jackal zombies (D:5)
  A quokka skeleton (D:7)
  5 rats
452 creatures vanquished.

Vanquished Creatures (collateral kills)
  A kobold demonologist (D:6)
  The ghost of Arixos the Magician, an amateur DEWz (D:6)
  4 big kobolds (D:6)
  An adder (Lair:4)
7 creatures vanquished.

Vanquished Creatures (others)
  Nessos (Lair:4)
  A cyclops (D:11)
  A water moccasin (D:11)
  An orc warrior (Bailey)
  A centaur (D:11)
  3 orcs (Bailey)
  5 fungi
  11 plants
24 creatures vanquished.

Grand Total: 483 creatures vanquished

Notes
Turn   | Place    | Note
-------+----------+-------------------------------------------
     0 | D:1      | Amen the Gargoyle Fighter began the quest for the Orb.
     0 | D:1      | Reached XP level 1. HP: 14/14 MP: 1/1
   269 | D:1      | Reached XP level 2. HP: 17/19 MP: 2/2
   510 | D:2      | Noticed Sigmund
   933 | D:1      | Reached XP level 3. HP: 22/24 MP: 3/3
  1673 | D:2      | Found a white marble altar of Elyvilon.
  1805 | D:2      | Found an ancient bone altar of Kikubaaqudgha.
  1862 | D:2      | Reached skill level 4 in Fighting
  1975 | D:2      | Noticed Terence
  1978 | D:2      | Reached XP level 4. HP: 29/29 MP: 4/4
  2011 | D:2      | Killed Terence
  2285 | D:3      | Reached XP level 5. HP: 30/34 MP: 5/5
  2571 | D:3      | Found a sacrificial altar of Ru.
  2886 | D:4      | Reached skill level 5 in Maces & Flails
  2886 | D:4      | Reached XP level 6. HP: 40/40 MP: 6/6
  3641 | D:5      | Entered Level 5 of the Dungeon
  3709 | D:5      | Noticed Menkaure
  3711 | D:5      | Reached skill level 5 in Fighting
  4031 | D:5      | Found a runed translucent gate.
  4031 | D:5      | Found a runed translucent gate.
  4031 | D:5      | Found a runed translucent gate.
  4032 | D:5      | Noticed a phantom
  4047 | D:5      | Killed a phantom
  4278 | D:5      | Noticed an ice beast
  4280 | D:5      | Noticed MisterFreud's ghost (novice OpTm)
  4338 | D:5      | Found a basalt altar of Yredelemnul.
  4352 | D:5      | Reached XP level 7. HP: 33/44 MP: 7/7
  4371 | D:5      | Found a sparkling altar of Nemelex Xobeh.
  4371 | D:5      | Found a transporter.
  4372 | D:5      | Noticed a hungry ghost
  4765 | D:5      | Found a glowing golden altar of the Shining One.
  4765 | D:5      | Noticed a wraith
  4784 | D:5      | HP: 1/44 [wraith (6)]
  4785 | D:5      | Killed a wraith
  5085 | D:5      | Reached skill level 6 in Fighting
  5357 | D:4      | Killed MisterFreud's ghost
  5357 | D:4      | Reached XP level 8. HP: 24/52 MP: 8/8
  5608 | D:6      | Reached skill level 7 in Fighting
  5650 | D:6      | Found a runed translucent gate.
  5651 | D:6      | Found a runed translucent gate.
  5651 | D:6      | Noticed a kobold demonologist
  5652 | D:6      | Found a runed translucent gate.
  5654 | D:6      | Noticed Arixos's ghost (amateur DEWz)
  5743 | D:6      | Noticed Grinder
  5768 | D:6      | Paralysed by Grinder for 5 turns
  5774 | D:6      | Killed Grinder
  5938 | D:6      | Found a glowing golden altar of the Shining One.
  6023 | D:6      | Reached XP level 9. HP: 49/59 MP: 9/9
  6499 | D:7      | Reached skill level 8 in Fighting
  6508 | D:7      | Reached skill level 10 in Maces & Flails
  6746 | D:7      | Found a burning altar of Makhleb.
  6815 | D:7      | Became a worshipper of Makhleb the Destroyer
  6948 | D:7      | Found a staircase to the Ecumenical Temple.
  7437 | D:7      | Found a bloodstained altar of Trog.
  7525 | D:7      | Reached skill level 9 in Fighting
  7881 | D:8      | Got a scorched lapis lazuli ring
  7941 | D:8      | Identified the ring of Dopheficy {MP+9 Int+3 SInv} (You
                  | found it on level 8 of the Dungeon)
  8132 | D:8      | Noticed a komodo dragon
  8146 | D:8      | Killed a komodo dragon
  8146 | D:8      | Reached XP level 10. HP: 25/66 MP: 10/10
  8506 | D:8      | Reached * piety under Makhleb
  8833 | D:8      | Found a staircase to the Lair.
  8927 | D:8      | Reached skill level 10 in Fighting
  9115 | D:8      | Found an iron altar of Okawaru.
 10161 | D:9      | Found a basalt altar of Yredelemnul.
 10206 | D:9      | Reached skill level 1 in Invocations
 10221 | D:9      | Found a flagged portal.
 10227 | Bailey   | Entered a bailey
 10436 | Bailey   | Found the +8 demon trident "Rift" {distort, reach+}
 10440 | Bailey   | Noticed an orc knight
 10680 | D:9      | Found a stormy altar of Qazlal.
 10681 | D:9      | Found a basalt altar of Yredelemnul.
 10685 | D:9      | Found a shadowy altar of Dithmenos.
 10809 | D:10     | Entered Level 10 of the Dungeon
 10809 | D:10     | Found a staircase to the Orcish Mines.
 10809 | D:10     | Noticed Nergalle
 11111 | Lair:1   | Entered Level 1 of the Lair of Beasts
 11111 | Lair:1   | Noticed a spiny frog
 11111 | Lair:1   | Noticed a spiny frog
 11115 | Lair:1   | Noticed a four-headed hydra
 11138 | D:8      | Reached XP level 11. HP: 19/73 MP: 13/13
 11243 | Lair:1   | Killed a four-headed hydra
 11243 | Lair:1   | Reached skill level 5 in Armour
 11427 | Lair:1   | Reached ** piety under Makhleb
 11444 | Lair:1   | Reached skill level 11 in Fighting
 11826 | Lair:1   | Noticed Joseph
 11845 | Lair:1   | Killed Joseph
 11929 | Lair:1   | Found a runed translucent door.
 11929 | Lair:1   | Noticed Syngutakh's ghost (journeyman OpFE)
 11930 | Lair:1   | Identified the +1 spear of Van Ofich {pierce, Int+5}
 11932 | Lair:1   | Noticed a spriggan rider
 12792 | Lair:2   | Noticed a queen ant
 12835 | Lair:2   | Killed a queen ant
 12983 | Lair:2   | Reached XP level 12. HP: 81/81 MP: 15/15
 12986 | Lair:2   | Reached skill level 12 in Fighting
 13843 | Lair:3   | Reached *** piety under Makhleb
 14268 | Lair:3   | Noticed a death yak
 14268 | Lair:3   | Noticed a death yak
 14300 | Lair:3   | Killed a death yak
 14330 | Lair:3   | Noticed a death yak
 14332 | Lair:3   | Noticed a death yak
 14334 | Lair:3   | Killed a death yak
 14657 | Lair:3   | Killed a death yak
 14983 | Lair:3   | Killed a death yak
 15427 | Lair:4   | Found a staircase to the Snake Pit.
 15551 | Lair:4   | Reached skill level 13 in Fighting
 15710 | Lair:4   | Noticed Nessos
 15723 | Lair:4   | Killed Nessos
 15723 | Lair:4   | Reached skill level 1 in Dodging
 16130 | Lair:4   | Noticed Rupert
 16589 | Lair:4   | Paralysed by Rupert for 2 turns
 16865 | D:10     | Noticed Maurice
 16871 | D:10     | Killed Nergalle
 16871 | D:10     | Reached skill level 10 in Armour
 16881 | D:10     | Killed Maurice
 16881 | D:10     | Reached XP level 13. HP: 87/88 MP: 16/16
 17364 | D:5      | Killed Menkaure
 17495 | D:6      | Killed Arixos's ghost
 17697 | Orc:1    | Entered Level 1 of the Orcish Mines
 17722 | Orc:1    | Found a transporter.
 17728 | Orc:1    | Noticed Gastronok
 18002 | D:10     | Reached **** piety under Makhleb
 18444 | D:11     | Reached skill level 14 in Fighting
 18830 | D:11     | Reached skill level 5 in Invocations
 19286 | D:11     | Identified the +3 long sword "Cehiul" {drain, +Blink}
 19462 | D:11     | Reached skill level 5 in Dodging
 19524 | D:11     | Reached ***** piety under Makhleb
 19638 | D:11     | Identified the +8 hand axe of Misery {chop, +Inv rF+}
 19638 | D:11     | Noticed a tengu reaver
 19693 | D:11     | Killed a tengu reaver
 19843 | D:11     | Gained mutation: Your large and strong wings let you fly
                  | indefinitely. [Gargoyle growth]
 19843 | D:11     | Reached XP level 14. HP: 93/96 MP: 19/19
 20235 | D:12     | Reached skill level 15 in Fighting
 20838 | D:12     | Found Nodur's Weapon Shoppe.
 21379 | D:13     | You fall into a shaft and drop 2 floors!
 21379 | D:15     | Entered Level 15 of the Dungeon
 21468 | D:15     | Noticed Agnes
 21485 | D:15     | Slain by Agnes

Levels and vault maps discovered:
D:1:      onia_arrival_pyramid, layout_loops_cross, minmay_splitting_lines
D:2:      layout_loops_cross, lemuel_doored_altar, kiku_gazebo_pond_becter,
          uniq_terence, uniq_sigmund
D:3:      layout_basic, nicolae_ru_the_path_less_chosen
D:4:      layout_basic, first_ration, lemuel_statue_altar
D:5:      layout_rooms, gammafunk_ghost_split, nrook_mini_backslash,
          nrook_loot_triangle, hangedman_feature_mirror,
          grunt_nemelex_the_gamble, uniq_menkaure
D:6:      layout_gridville, kennysheep_mini_moat, gammafunk_ghost_nasty_kobolds,
          uniq_grinder
D:7:      layout_basic, lightli_temple_of_fire,
          minmay_temple_entry_enclosed_plants, basic_altar, grunt_livestock
D:8:      layout_loops_ring, okawaru_humans, erik_lair_dragon
D:9:      layout_roguey, minitemple, enter_bailey_3, grunt_decor_clamped,
          lemuel_tele_altar
D:10:     layout_big_octagon, orc_0_dummy, introduction_to_nature_2,
          uniq_nergalle, uniq_maurice
D:11:     minmay_the_grid_square_5x5_5x5_mashed
          [minmay_the_grid_square_5x5_tetrominoes, minmay_the_grid_square_5x5_z,
          minmay_the_grid_square_5x5_bite,
          minmay_the_grid_square_5x5_three_walls,
          minmay_the_grid_square_5x5_bridge,
          minmay_the_grid_square_5x5_bracketed,
          minmay_the_grid_square_5x5_prize_junk,
          minmay_the_grid_square_5x5_almost_minimal,
          minmay_the_grid_square_5x5_prize_itemx,
          minmay_the_grid_square_5x5_shrine1,
          minmay_the_grid_square_5x5_inner_z,
          minmay_the_grid_square_5x5_checkered_statues,
          minmay_the_grid_square_5x5_prize_rear_guard,
          minmay_the_grid_square_5x5_n, minmay_the_grid_square_5x5_longway,
          minmay_the_grid_square_5x5_plus,
          minmay_the_grid_square_5x5_prize_snowflake,
          minmay_the_grid_square_5x5_meh,
          minmay_the_grid_square_5x5_prize_monsterx,
          minmay_the_grid_square_5x5_spiral_small,
          minmay_the_grid_square_5x5_dogpile,
          minmay_the_grid_square_5x5_hollow_slash,
          minmay_the_grid_square_5x5_eight_small,
          minmay_the_grid_square_5x5_minimal, minmay_the_grid_square_5x5_slash],
          layout_loops_ring
D:12:     layout_rooms, serial_shops, shop
D:13:     layout_roguey [special_room_bee], hive_lemuel
D:14:     layout_grid_maze, lightli_vaults_fourway_checkpoint, serial_shops,
          shop, nicolae_benzene_ring, uniq_azrael
D:15:     grunt_enter_depths_hoard, layout_loops_ring, minmay_misc_feat_x,
          minmay_misc_feat_tiny, uniq_agnes
Lair:1:   layout_regular_city, ebering_ghost_funeral_grove,
          guppyfry_lair_drakes, uniq_joseph
Lair:2:   layout_regular_city, serial_forest, infiniplex_forest_3_way,
          infiniplex_forest_zigzag_1, infiniplex_forest_lined_2,
          infiniplex_forest_split, infiniplex_forest_lined_room_2,
          infiniplex_forest_clump_small, infiniplex_forest_diagonal,
          infiniplex_forest_lined_3, minmay_another_anthill,
          infiniplex_staircase_pool_2
Lair:3:   layout_gridlike, minmay_lair_oklob_bushes,
          eino_small_chamber_without_monster, minmay_holes
Lair:4:   lemuel_reptile_caves, layout_regular_city, minmay_swamp_entry_worms,
          guppyfry_snake_entry_island, serial_bayou_shore_a, uniq_rupert,
          uniq_nessos
Lair:5:   layout_gridlike, slime_altar_1, grunt_forest_stairs_clearing
Orc:1:    layout_diamond_mine, gammafunk_ghost_stat_death,
          nicolae_orc_flooded_monolith, uniq_gastronok

Skill      XL: |  1  2  3  4  5  6  7  8  9 10 11 12 13 14 |
---------------+-------------------------------------------+-----
Maces & Flails | 3 4 5 6 7 9 11 12 13 14 | 14.0
Fighting       | 4 5 6 7 9 10 11 13 14 15 | 15.4
Invocations    | 2 4 7 8 |  8.8
Armour         | 4 7 10 | 10.1
Dodging        | 2 5 7 |  7.0
Shields        | |  3.2

Action                   |  1- 3 |  4- 6 |  7- 9 | 10-12 | 13-15 || total
-------------------------+-------+-------+-------+-------+-------++-------
Melee: Flail             |   112 |   212 |   347 |   963 |   134 ||  1768
       Morningstar       |       |    22 |       |       |       ||    22
       Whip              |       |       |       |       |   762 ||   762
       Hand axe          |       |       |       |       |    50 ||    50
Invok: Lesser Servant of |       |       |       |     2 |     1 ||     3
       Minor Destruction |       |       |       |     2 |       ||     2
       Greater Servant o |       |       |       |       |     1 ||     1
Evoke: Wand              |       |       |     1 |     7 |       ||     8
  Use: Scroll            |       |     8 |     1 |    14 |     3 ||    26
       Potion            |       |     1 |       |    13 |     3 ||    17
 Stab: Invisible         |       |     2 |       |       |       ||     2
       Distracted        |       |       |       |     1 |       ||     1
  Eat: Chunk             |     3 |     7 |     7 |    16 |     7 ||    40
       Ration            |       |     1 |     2 |     3 |     3 ||     9
Armor: Scale mail        |    68 |    96 |       |       |       ||   164
       Chain mail        |       |    19 |   200 |   281 |   372 ||   872
       Troll leather arm |       |       |       |    58 |       ||    58
       Acid dragon scale |       |       |       |       |    23 ||    23
Dodge: Dodged            |    39 |    64 |    65 |   187 |   217 ||   572
Block: Shield            |    65 |    99 |   143 |   503 |   507 ||  1317
       Reflection        |       |       |       |    22 |    24 ||    46

Table legend:
 A = Non-vault XP
 B = Vault XP
 C = Vault XP percentage of total XP
 D = Non-vault monster count
 E = Vault monster count
 F = Vault count percentage of total count
                 A         B        C        D         E       F
            +---------+---------+-------+---------+---------+-------
      Total |   40771 |   27113 |  39.9 |     327 |     140 |  30.0
            +---------+---------+-------+---------+---------+-------
        D:1 |      42 |       0 |   0.0 |      16 |       0 |   0.0
        D:2 |      59 |      36 |  37.9 |      15 |       1 |   6.2
        D:3 |      92 |       0 |   0.0 |      23 |       0 |   0.0
        D:4 |     125 |     485 |  79.5 |      13 |       2 |  13.3
        D:5 |     509 |     487 |  48.9 |      18 |       6 |  25.0
        D:6 |     508 |    1072 |  67.8 |      16 |      10 |  38.5
        D:7 |     657 |     981 |  59.9 |      15 |       5 |  25.0
        D:8 |     943 |    2039 |  68.4 |      24 |       8 |  25.0
        D:9 |    1207 |     144 |  10.7 |      16 |       5 |  23.8
       D:10 |    2531 |    2543 |  50.1 |      32 |      14 |  30.4
       D:11 |    6625 |   13524 |  67.1 |      41 |      45 |  52.3
       D:12 |    5628 |       0 |   0.0 |      28 |       0 |   0.0
       D:13 |    2025 |       0 |   0.0 |      11 |       0 |   0.0
       D:15 |    3307 |       0 |   0.0 |       7 |       0 |   0.0
     Lair:1 |    3998 |     460 |  10.3 |      14 |       1 |   6.7
     Lair:2 |    3224 |    2597 |  44.6 |      12 |      22 |  64.7
     Lair:3 |    6373 |       0 |   0.0 |      15 |       0 |   0.0
     Lair:4 |    2918 |    1938 |  39.9 |      11 |      10 |  47.6
     Bailey |       0 |     807 | 100.0 |       0 |      11 | 100.0
            +---------+---------+-------+---------+---------+-------
